 Dungeon Crawl Stone Soup version 0.29.1-1-gd02db6906a (webtiles) character file.

Game seed: 8285967166726855802

1067 dave1331 the Cleaver (level 8, -1/65 (69) HPs)
             Began as a Hill Orc Fighter on Oct 1, 2022.
             Was an Initiate of Fedhas.
             Slain by an ufetubus (2 damage)
             ... summoned by Eustachio
             ... on level 5 of the Dungeon.
             The game lasted 00:18:24 (4271 turns).

dave1331 the Cleaver (Hill Orc Fighter)             Turns: 4271, Time: 00:18:27

HP:   -1/65 (69)    AC: 18    Str: 21      XL:     8   Next: 28%
MP:   8/8           EV:  6    Int:  8      God:    Fedhas [......]
Gold: 209           SH:  4    Dex:  4 (10) Spells: 7/7 levels left

rFire   . . .      SeeInvis .   a - +1 war axe (freeze)
rCold   . . .      Faith    +   c - +0 buckler
rNeg    . . .      Spirit   .   h - +1 plate armour
rPois   .          Reflect  .   (no helmet)
rElec   .          Harm     .   (no cloak)
rCorr   +          Rampage  .   m - +2 pair of gloves
Will    .....                   n - +0 pair of boots
Stlth   ..........              i - amulet of faith
HPRegen 0.20/turn               g - ring of resist corrosion
MPRegen 0.11/turn               (no ring)

@: attractive, drained
A: no striking features
a: Renounce Religion


You were on level 5 of the Dungeon.
You worshipped Fedhas.
Fedhas was noncommittal.
You visited 1 branch of the dungeon, and saw 5 of its levels.

You collected 209 gold pieces.

Inventory:

Hand Weapons
 a - a +1 war axe of freezing (weapon)
Armour
 b - a +0 scale mail
 c - a +0 buckler (worn)
 h - a +1 plate armour (worn)
 m - a +2 pair of gloves (worn)
 n - a +0 pair of boots (worn)
Jewellery
 g - a ring of resist corrosion (left hand)
 i - an amulet of faith (around neck)
 q - an amulet of guardian spirit
Scrolls
 e - a scroll of vulnerability
 j - a scroll of fear
 k - a scroll of fog
Potions
 d - a potion of might
 s - 2 potions of curing {unknown}


   Skills:
 + Level 5.6 Fighting
 + Level 9.1 Axes
 + Level 6.1 Armour
 + Level 0.3 Dodging
 + Level 4.6 Shields


You had 7 spell levels left.
You didn't know any spells.
Your spell library contained the following spells:

 Spells                   Type           Power      Damage    Failure   Level
 Summon Guardian Golem    Hex/Summ       0%         N/A       100%        3
 Orb of Destruction       Conj           0%         9d5       100%        7
 Spellforged Servitor     Conj/Summ      0%         N/A       100%        7


Dungeon Overview and Level Annotations

Branches:
Dungeon (5/15)             Temple (0/1) D:4

Altars:
Fedhas
Kikubaaqudgha
Okawaru
Uskayaw
Wu Jian
Xom

Shops:
D:4 (

Annotations:
D:3 3 runed translucent doors, osoart's ghost, amateur DESu
D:5 Eustachio


Message History

The quasit claws you but does no damage. x2
The quasit barely misses you.
The quasit claws you but does no damage.
The quasit barely misses you. The quasit attacks as you move away!
The quasit bites you but does no damage.
The quasit claws you but does no damage.
The quasit closely misses you. The quasit attacks as you move away!
The quasit bites you but does no damage.
The quasit claws you but does no damage.
You block the quasit's attack. The bat barely misses you.
Eustachio gestures wildly while chanting.
You hit the quasit. You freeze the quasit.
The quasit is moderately wounded.
You slash Eustachio! You freeze Eustachio. You slash the ufetubus!
You kill the ufetubus!
The ufetubus disappears in a puff of smoke!
The quasit disappears in a puff of smoke!
The bat closely misses you.
Eustachio gestures wildly while chanting.
The bat is attracted toward you.
You closely miss Eustachio.
Eustachio is almost dead.
You barely miss the quasit. You hit the bat. You freeze the bat.
You kill the bat!
The bat's corpse disappears in a puff of smoke!
You hit the bat. You freeze the bat.
You kill the bat!
The bat's corpse disappears in a puff of smoke!
You barely miss the ufetubus. You hit the bat. You freeze the bat.
You kill the bat!
The bat's corpse disappears in a puff of smoke!
You block the ufetubus's attack.
The ufetubus hits you but does no damage.
The quasit bites you.
* * * LOW HITPOINT WARNING * * *
The quasit claws you but does no damage. x2
Eustachio hits you but does no damage. The ufetubus hits you.
You die...
Fedhas appreciates your contribution to the ecosystem.

#....# #.#..#.## #.##.# #.#.##...
#.##.#############.#.#####
#####(##...............#......
####.....##################..####
<........# #######.>...#..#...
####.....# #.....#........#..#
######.#.# #.§5..####.....#..#
#......#.# #.@§..##########..#
#.######<# #5§@.§...##....#..#
...# ... #r.......##.#.....# #..#
##... ##.......##.#.###.# #..#
##.####..)....##.......# #..#
#............#####.#... ####
#.####.......# #.#... ### #.#
#.).....# #.#### ..##### ##.##
#......... ...


You could see Eustachio, a quasit (summoned), an ufetubus (summoned) and a
quokka (summoned).

Vanquished Creatures
  Edmund (D:5)
  A black bear (D:5)
  2 ogres
  A phantom (D:4)
  A scorpion (D:4)
  3 jellies
  4 orc priests
  3 hounds
  Natasha (thrice) (D:3)
  7 adders
  5 worms
  2 dart slugs (D:4)
  14 orcs
  6 ball pythons
  12 endoplasms
  4 giant cockroaches
  8 hobgoblins
  10 kobolds
  4 quokkas
  4 bats (D:2)
  5 goblins
  6 rats
106 creatures vanquished.

Vanquished Creatures (others)
  5 fungi (D:2)
  11 toadstools (D:2)
16 creatures vanquished.

Grand Total: 122 creatures vanquished

Notes
Turn   | Place    | Note
-------+----------+-------------------------------------------
     0 | D:1      | dave1331 the Hill Orc Fighter began the quest for the Orb.
     0 | D:1      | Reached XP level 1. HP: 19/19 MP: 1/1
   264 | D:1      | Reached XP level 2. HP: 25/27 MP: 2/2
   280 | D:1      | You fall into a shaft and drop 1 floor!
   363 | D:2      | Reached skill level 3 in Axes
   511 | D:2      | Reached XP level 3. HP: 33/33 MP: 3/3
   827 | D:2      | Reached XP level 4. HP: 27/40 MP: 4/4
   834 | D:2      | Reached skill level 4 in Axes
  1507 | D:2      | Reached skill level 5 in Axes
  1507 | D:2      | Reached XP level 5. HP: 43/46 MP: 5/5
  1625 | D:3      | Found a shimmering altar of Xom.
  1630 | D:3      | Found a shimmering altar of Xom.
  1630 | D:3      | Found a shimmering altar of Xom.
  1630 | D:3      | Found a shimmering altar of Xom.
  1631 | D:3      | Found a shimmering altar of Xom.
  1633 | D:3      | Found a shimmering altar of Xom.
  1791 | D:3      | Found a runed translucent gate.
  1792 | D:3      | Found a runed translucent gate.
  1796 | D:3      | Found a runed translucent gate.
  1834 | D:3      | Noticed osoart's ghost (amateur DESu)
  1942 | D:3      | Noticed Natasha
  1946 | D:3      | Killed Natasha
  1986 | D:3      | Noticed Natasha
  2000 | D:3      | Killed Natasha
  2224 | D:3      | Noticed Natasha
  2229 | D:3      | Killed Natasha
  2230 | D:3      | Reached skill level 6 in Axes
  2230 | D:3      | Reached XP level 6. HP: 53/53 MP: 6/6
  2548 | D:4      | Found a staircase to the Ecumenical Temple.
  2638 | D:4      | Reached skill level 7 in Axes
  2940 | D:4      | Found an iron altar of Okawaru.
  2940 | D:4      | Found an ancient bone altar of Kikubaaqudgha.
  3008 | D:4      | Reached XP level 7. HP: 55/60 MP: 7/7
  3057 | D:4      | Found Wifelim's Weapon Emporium.
  3165 | D:4      | Reached skill level 5 in Fighting
  3278 | D:4      | Reached skill level 8 in Axes
  3388 | D:4      | Found a blossoming altar of Fedhas.
  3400 | D:4      | Became a worshipper of Fedhas Madash
  3426 | D:4      | Reached skill level 5 in Armour
  3692 | D:5      | Entered Level 5 of the Dungeon
  3695 | D:5      | Noticed a +0 falchion
  3695 | D:5      | Noticed a +0 dagger
  3696 | D:5      | Noticed a +0 falchion
  3696 | D:5      | Noticed a +0 dagger
  3702 | D:5      | Noticed a +0 short sword
  3704 | D:5      | Noticed a +0 short sword
  3715 | D:5      | Found a hide-covered altar of Uskayaw.
  3715 | D:5      | Noticed a +0 spear
  3719 | D:5      | Noticed a +0 spear
  3963 | D:5      | Reached XP level 8. HP: 60/68 MP: 8/8
  4198 | D:5      | Found an ornate altar of the Wu Jian Council.
  4220 | D:5      | Noticed Edmund
  4221 | D:5      | Noticed Eustachio
  4241 | D:5      | Killed Edmund
  4242 | D:5      | Reached skill level 9 in Axes
  4266 | D:5      | HP: 3/65 [quasit[Eustachio] (2)]
  4271 | D:5      | HP: 1/65 [quasit[Eustachio] (2)]
  4271 | D:5      | Slain by an ufetubus

Illustrated notes

Levels and vault maps discovered:
D:1:      heliophobic_arrival_dark_side_of_the_moon, layout_basic,
          hellmonk_ecumenical_altar_pennies_from_heaven
D:2:      cheibrodos_fertilizer, layout_basic
D:3:      layout_loops_corners, xom_redecorated, gammafunk_ghost_split,
          uniq_natasha
D:4:      layout_cave_pools, mainiacjoe_overflow_brackets,
          gammafunk_temple_overflow_pools,
          minmay_temple_entry_statues_fountains, serial_shops,
          nicolae_shop_bloodbath_and_beyond, minmay_quadrilaterals
D:5:      layout_basic, nicolae_uskayaw_en_pointe,
          nicolae_overflow_crystal_walls, uniq_edmund, uniq_eustachio

Skill      XL: |  1  2  3  4  5  6  7  8 |
---------------+-------------------------+-----
Axes           | 3 5 6 7 8 9 |  9.1
Fighting       | 4 5 |  5.6
Armour         | 4 5 6 |  6.1
Shields        | 4 |  4.6
Dodging        | |  0.3

Action                   |  1- 3 |  4- 6 |  7- 9 || total
-------------------------+-------+-------+-------++-------
Melee: War axe           |    87 |   151 |   126 ||   364
  Use: Scroll            |     1 |     7 |     1 ||     9
       Potion            |       |     3 |     1 ||     4
Armor: Scale mail        |     4 |       |       ||     4
       Plate armour      |    61 |    91 |   215 ||   367
Dodge: Dodged            |    27 |    33 |    82 ||   142
Block: Buckler           |    17 |    34 |    56 ||   107
